 Dungeon Crawl Stone Soup version 0.31-a0-150-g89dc3ad700 (console) character file.

Game seed: 15840445022630658242

245944 jejorda2 the Deadly Accurate (level 19, 0/154 HPs)
             Began as a Gnoll Berserker on June 7, 2023.
             Was a High Priest of Trog.
             Killed by the raging water
             ... invoked by a water nymph
              (17 damage)
             ... on level 4 of the Shoals on June 8, 2023.
             The game lasted 02:29:58 (47376 turns).

jejorda2 the Deadly Accurate (Gnoll Berserker)     Turns: 47376, Time: 02:30:01

Health: 0/154      AC: 33    Str: 24    XL:     19   Next: 49%
Magic:  10/36      EV: 21    Int:  8    God:    Trog [*****.]
Gold:   2870       SH: 13    Dex: 11    Spells: 45/45 levels left

rFire   + + .        b - +1 broad axe (elec)
rCold   . . .        c - +1 kite shield {AC+3}
rNeg    + . .        Q - +1 plate armour of the Stone Wall {rPois}
rPois   +            I - +2 hat {Will+}
rElec   .            N - +2 cloak {Will+}
rCorr   .            F - +2 pair of gloves {infuse}
SInv    +            E - +2 pair of boots {Stlth+}
Will    +++..        D - amulet of faith
Stlth   ++           x - ring of the Hare {EV+10}
HPRegen 0.45/turn    Z - ring "Ufuas" {Fly rF++ rN+ SInv}
MPRegen 0.25/turn

%: faith, infuse magic (1 MP)
@: mighty, engulfed (cannot breathe), flying, studying Throwing
A: fangs 1, strong nose, distributed training
}: 2/15 runes: barnacled, gossamer
a: Renounce Religion, Berserk, Trog's Hand, Brothers in Arms


You were on level 4 of the Shoals.
You worshipped Trog.
Trog was extremely pleased with you.
You visited 5 branches of the dungeon, and saw 30 of its levels.
You also visited: Gauntlet.

You collected 3551 gold pieces.
You spent 681 gold pieces at shops.

Inventory:

Hand Weapons
 a - a +0 demon whip of venom
 b - a +1 broad axe of electrocution (weapon)
Missiles
 f - a boomerang of dispersal
 p - 14 boomerangs
 u - 6 silver boomerangs
 A - 3 throwing nets
 G - 3 datura-tipped darts
 H - 7 curare-tipped darts
 P - 17 javelins (quivered)
 S - 3 silver javelins
 X - 8 atropa-tipped darts
Armour
 c - a +1 kite shield of protection (worn)
 E - a +2 pair of boots of stealth (worn)
 F - a +2 pair of gloves of infusion (worn)
 I - a +2 hat of willpower (worn)
 N - a +2 cloak of willpower (worn)
 Q - the +1 plate armour of the Stone Wall (worn) {rPois}
   (You took it off a minotaur in a Gauntlet)

   rPois:     It protects you from poison.
Jewellery
 r - a ring of ice
 x - the ring of the Hare (left hand) {EV+10}
   (You found it on level 10 of the Dungeon)

   [ring of evasion]

   EV:        It affects your evasion (+10).
 D - an amulet of faith (around neck)
 U - a ring of resist corrosion
 Z - the ring "Ufuas" (right hand) {Fly rF++ rN+ SInv}
   (You found it on level 2 of the Lair of Beasts)

   [ring of flight]

   rF:        It greatly protects you from fire.
   rN:        It protects you from negative energy.
   SInv:      It lets you see invisible.
   Fly:       It grants you flight.
Wands
 k - a wand of paralysis (50)
 y - a wand of flame (84)
 C - a wand of mindburst (23)
 K - a wand of digging (16)
 L - a wand of polymorph (3)
 M - a wand of quicksilver (12)
 Y - a wand of roots (17)
Scrolls
 g - a scroll of immolation
 i - 13 scrolls of teleportation
 j - 3 scrolls of silence
 o - 6 scrolls of fear
 v - a scroll of fog
 w - 7 scrolls of poison
 B - 2 scrolls of blinking
 R - 3 scrolls of magic mapping
 V - 2 scrolls of butterflies
Potions
 d - 8 potions of curing
 e - 12 potions of enlightenment
 h - 3 potions of haste
 m - 7 potions of mutation
 n - 5 potions of attraction
 q - 5 potions of invisibility
 s - 3 potions of cancellation
 t - 4 potions of heal wounds
 O - a potion of might
 W - 12 potions of ambrosia
Miscellaneous
 l - a lightning rod (4/4)
 z - a condenser vane
 T - a phial of floods


   Skills:
 + Level 14.9 Fighting
 + Level 13.5 Short Blades
 + Level 13.5 Long Blades
 + Level 13.5 Axes
 + Level 14.9 Maces & Flails
 + Level 13.5 Polearms
 + Level 13.5 Staves
 + Level 13.5 Ranged Weapons
 + Level 17.3 Throwing
 + Level 14.2 Armour
 + Level 14.2 Dodging
 + Level 13.5 Stealth
 + Level 13.5 Shields
 + Level 13.5 Unarmed Combat
 + Level 13.5 Spellcasting
 + Level 11.5 Conjurations
 + Level 11.5 Hexes
 + Level 11.5 Summonings
 + Level 11.5 Necromancy
 + Level 11.5 Translocations
 + Level 11.5 Transmutations
 + Level 11.5 Fire Magic
 + Level 11.5 Ice Magic
 + Level 11.5 Air Magic
 + Level 11.5 Earth Magic
 + Level 11.5 Poison Magic
 + Level 14.7 Invocations
 + Level 13.5 Evocations


You had 45 spell levels left.
You didn't know any spells.
Your spell library was empty.

Dungeon Overview and Level Annotations

Branches:
Dungeon (15/15)            Temple (0/1) D:6            Lair (5/5) D:10
 Shoals (4/4) Lair:3       Spider (4/4) Lair:2        Slime (0/5) Lair:4
    Orc (2/2) D:11            Elf (0/3) Orc:2        Vaults (0/5) D:13
 Depths (0/4) D:15        Gauntlet (visited)

Altars:
Elyvilon
Fedhas
Hepliaklqana
Kikubaaqudgha
Makhleb

Shops:
D:2 !   D:7 *   D:10 [   D:11 ?*[!(   D:12 (!=   Orc:1 !   Orc:2 =([(
Shoals:1 *[*(   Shoals:4 [

Annotations:
Shoals:1 Frances


Innate Abilities, Weirdness & Mutations

You have very sharp teeth.
Your uncanny sense of smell can sniff out nearby items.
Your experience applies equally to all skills.


Message History

You kill the merfolk avatar!
Trog accepts your kill.
Trog appreciates your killing of a magic user.
You slash the faun! You slash the water nymph!
You barely miss the water elemental.
Your lungs strain for air!
The water nymph points at you and mumbles some strange words.
The water rises up and strikes you.
The faun unwields a +0 sling.
The faun wields a +0 quarterstaff.
The faun misses you.
The snapping turtle completely misses you.
You block the water elemental's attack.
Your condenser vane has recharged.
Unknown command.
Unknown command.
You slice the faun!!
The faun is severely wounded.
You barely miss the water elemental. You barely miss the water nymph.
Your lungs strain for air!
You block the water nymph's attack. You block the faun's attack.
The snapping turtle closely misses you.
The water elemental completely misses you.
Unknown command.
Unknown command.
The faun attacks as you move away!
The faun hits you with a +0 quarterstaff!
* * * LOW HITPOINT WARNING * * *
Your lungs strain for air!
The water nymph casts a spell at you. The water rises up and strikes you!!
* * * LOW HITPOINT WARNING * * *
The snapping turtle bites you but does no damage.
You block the water elemental's attack.
You hit the water elemental.
The water elemental is lightly damaged.
You hit the faun.
* * * LOW HITPOINT WARNING * * *
Your lungs strain for air!
The water nymph casts a spell at you. The water rises up and strikes you!
You die...

≈≈≈≈≈≈≈≈≈
#≈≈≈≈≈≈≈≈≈≈≈P.##.P..
#≈≈≈≈≈≈≈≈≈≈PP......P
#≈≈≈≈≈≈≈≈≈≈#~......P
#≈≈≈≈≈≈≈≈≈≈.P...=...
#≈≈≈≈≈≈≈≈≈≈# .......
#≈≈≈≈≈≈≈≈≈≈##...~~~.
#≈≈≈≈≈≈≈≈≈≈≈t).P~#
#≈≈≈≈≈≈≈≈≈@E...P##PPP...
#≈≈≈≈≈≈~~~~c≈≈.!P......###
#≈≈≈≈≈~~~~~~m≈≈~~......PP#.
#≈≈≈≈~~~....~~~~~......~...
#≈≈≈~~P......~~~~....#.....
#≈≈≈~~.P###..~~~P.........)
#≈≈≈~~.P# ##...~.....#.....
#≈≈≈≈~.P## #..P~P..........
#≈≈≈≈~PPP# ##.P.......P....


You could see a snapping turtle, a faun, a water elemental and a water nymph.

Vanquished Creatures
  Nikola (Shoals:1)
  Jorgrun (D:15)
  Gastronok (D:8)
  A kraken (Shoals:2)
  Donald (Shoals:4)
  Kirke (D:13)
  4 ghost moths
  3 emperor scorpions (Spider:4)
  Louise (Spider:3)
  2 orc warlords
  2 broodmothers
  A minotaur (Gauntlet)
  2 spark wasps
  6 dire elephants (Lair:5)
  3 merfolk javelineers
  A spectral kraken (Shoals:3)
  2 merfolk impalers (Shoals:4)
  A fire dragon (D:10)
  2 entropy weavers
  2 ghost crabs (Shoals:3)
  The ghost of Gymmif the Carver, a journeyman DsGl of Qazlal (Lair:3)
  2 catoblepae
  An ogre mage (D:15)
  2 jorogumos (Spider:4)
  3 merfolk avatars
  10 hydras
  A death knight (D:15)
  11 centaur warriors
  An alligator snapping turtle (Shoals:4)
  10 death yaks
  2 merfolk aquamancers
  3 satyrs (Shoals:4)
  4 tengu warriors
  6 boulder beetles
  10 two-headed ogres
  An orc high priest (Orc:2)
  6 demonic crawlers
  Sonja (D:13)
  A sun demon (D:10)
  2 spectral death yaks (Lair:5)
  A sixfirhy (D:10)
  9 sea snakes
  Amaemon (Lair:1)
  Lodul (D:14)
  5 pharaoh ants
  3 skeletal warriors (D:15)
  An iron troll (D:13)
  A spectral anaconda (Lair:5)
  13 skysharks
  A lindwurm (Lair:4)
  A shadow dragon zombie (D:15)
  A slime creature (Gauntlet)
  7 steelbarb worms
  2 phantasmal warriors (D:15)
  9 orb spiders
  3 orc knights (Orc:2)
  5 necromancers
  15 harpies
  An iron dragon zombie (D:15)
  An obsidian statue (Lair:5)
  3 deep elf pyromancers
  13 wolf spiders
  An orc sorcerer (Orc:2)
  7 cyclopes
  7 ugly things
  17 fauns
  15 manticores
  4 moths of wrath
  7 elephants
  6 merfolk sirens
  5 black mambas
  9 water nymphs
  A smoke demon (D:10)
  An orange demon (Lair:1)
  2 rust devils
  6 torpor snails
  3 kobold demonologists (D:12)
  15 cane toads
  2 dire elephant skeletons (Lair:5)
  2 unseen horrors
  7 komodo dragons
  3 rime drakes
  A freezing wraith (D:15)
  4 yaktaurs (D:15)
  A tengu conjurer (D:12)
  A spectral sea snake (Shoals:3)
  An efreet (D:10)
  2 ice devils (D:10)
  16 trolls
  2 queen bees
  13 meliai
  8 wind drakes
  16 merfolk
  4 polar bears
  31 tarantellas
  6 hornets
  A tyrant leech (Lair:5)
  4 spectral merfolk (Shoals:3)
  12 blink frogs
  13 dream sheep
  A spectral wind drake (Shoals:3)
  2 spectral manticores (Shoals:3)
  5 snapping turtles
  Sigmund (D:3)
  2 centaur simulacra (Gauntlet)
  11 water elementals
  25 jumping spiders
  5 wraiths
  2 shadows
  A vampire (D:13)
  12 culicivoras
  A ynoxinul (Gauntlet)
  50 yaks
  6 wyverns
  3 steam dragons
  A chaos spawn (D:10)
  46 redbacks
  7 vampire mosquitoes
  6 basilisks
  14 wargs
  A spectral cane toad (Lair:5)
  Edmund (D:6)
  4 swamp worms (Lair:5)
  2 acid dragons
  2 tengu zombies (D:15)
  18 water moccasins
  A spectral snapping turtle (Shoals:3)
  A hydra simulacrum (Gauntlet)
  Duvessa (D:6)
  5 hell hounds (D:12)
  A sky beast (shapeshifter) (D:13)
  29 orc warriors
  4 black bears
  2 elephant zombies (Lair:5)
  17 ogres
  18 wolves
  6 centaurs
  2 elephant skeletons (Lair:5)
  A phantom (D:5)
  9 kobold brigands
  8 bullfrogs
  2 gnoll sergeants (D:12)
  2 scorpions
  10 wights
  A hornet simulacrum (Gauntlet)
  Dowan (D:6)
  61 killer bees
  2 elephant simulacra (Lair:5)
  11 howler monkeys
  An electric eel (Spider:3)
  2 quasits (D:10)
  5 jellies
  Crazy Yiuf (D:4)
  3 hounds
  19 orc priests
  3 iron imps (Gauntlet)
  2 sleepcaps
  Terence (D:3)
  5 iguanas
  26 orc wizards
  A hell rat (Lair:4)
  9 adders
  3 gnolls (D:3)
  A shadow imp (D:8)
  3 white imps
  3 worms
  3 dart slugs
  79 orcs
  5 endoplasms
  2 giant cockroaches
  15 goblins
  8 hobgoblins
  3 jackals (D:1)
  3 quokkas
  5 ball pythons
  7 bats
  4 frilled lizards
  25 kobolds
  6 rats
  2 tentacles
1148 creatures vanquished.

Vanquished Creatures (collateral kills)
  An emperor scorpion (Spider:4)
  A ghost moth (Spider:4)
  2 spark wasps (Spider:4)
  A merfolk javelineer (Shoals:4)
  2 merfolk impalers (Shoals:4)
  2 boulder beetles
  A centaur warrior (D:13)
  A death yak (Lair:5)
  A two-headed ogre (D:12)
  2 tengu warriors (D:12)
  A deep elf archer (D:12)
  2 manticores
  2 deep elf pyromancers
  A faun (Shoals:4)
  2 elephants (Lair:4)
  A kobold demonologist (D:12)
  A tengu conjurer (D:12)
  2 meliai (Spider:3)
  3 merfolk (Shoals:4)
  3 hornets (Spider:4)
  A dream sheep (Lair:5)
  A wind drake (Shoals:4)
  2 jumping spiders (Spider:3)
  A wyvern (Lair:4)
  A water elemental (Shoals:4)
  4 redbacks (Spider:3)
42 creatures vanquished.

Vanquished Creatures (others)
  A faun (Shoals:4)
  A yaktaur (D:15)
  5 humans
  A gnoll sergeant (D:12)
  A howler monkey simulacrum (D:10)
  A kobold (D:9)
  A spectral weapon (Lair:1)
  8 tentacles
19 creatures vanquished.

Grand Total: 1209 creatures vanquished

Notes
Turn   | Place    | Note
-------+----------+-------------------------------------------
     0 | D:1      | jejorda2 the Gnoll Berserker began the quest for the Orb.
     0 | D:1      | Reached XP level 1. HP: 23/23 MP: 1/1
    89 | D:1      | Reached XP level 2. HP: 29/29 MP: 2/2
   134 | D:1      | Found a faded altar of an unknown god.
   383 | D:1      | Reached XP level 3. HP: 35/35 MP: 3/3
   421 | D:1      | Reached ** piety under Trog
   807 | D:2      | Reached skill level 1 in Invocations
  1032 | D:2      | Reached skill level 1 in Short Blades
  1032 | D:2      | Reached skill level 1 in Long Blades
  1032 | D:2      | Reached skill level 1 in Axes
  1032 | D:2      | Reached skill level 1 in Polearms
  1032 | D:2      | Reached skill level 1 in Staves
  1032 | D:2      | Reached skill level 1 in Ranged Weapons
  1032 | D:2      | Reached skill level 1 in Throwing
  1032 | D:2      | Reached skill level 1 in Stealth
  1032 | D:2      | Reached skill level 1 in Shields
  1032 | D:2      | Reached skill level 1 in Unarmed Combat
  1032 | D:2      | Reached skill level 1 in Spellcasting
  1032 | D:2      | Reached skill level 1 in Evocations
  1341 | D:2      | Found Nonkofirph's Distillery.
  1345 | D:2      | Bought a potion of curing for 33 gold pieces
  1345 | D:2      | Bought a potion of heal wounds for 55 gold pieces
  1401 | D:3      | Reached XP level 4. HP: 30/41 MP: 5/5
  1523 | D:3      | Reached skill level 1 in Conjurations
  1523 | D:3      | Reached skill level 1 in Hexes
  1523 | D:3      | Reached skill level 1 in Summonings
  1523 | D:3      | Reached skill level 1 in Necromancy
  1523 | D:3      | Reached skill level 1 in Translocations
  1523 | D:3      | Reached skill level 1 in Transmutations
  1523 | D:3      | Reached skill level 1 in Fire Magic
  1523 | D:3      | Reached skill level 1 in Ice Magic
  1523 | D:3      | Reached skill level 1 in Air Magic
  1523 | D:3      | Reached skill level 1 in Earth Magic
  1523 | D:3      | Reached skill level 1 in Poison Magic
  1685 | D:3      | Noticed Sigmund
  1710 | D:3      | Killed Sigmund
  1711 | D:3      | Reached skill level 5 in Armour
  1711 | D:3      | Reached skill level 5 in Dodging
  1711 | D:3      | Reached XP level 5. HP: 33/47 MP: 5/7
  1711 | D:3      | Reached XP level 6. HP: 37/53 MP: 5/8
  1859 | D:3      | Noticed Terence
  1870 | D:3      | Killed Terence
  1871 | D:3      | Reached skill level 2 in Throwing
  2467 | D:4      | Reached XP level 7. HP: 60/60 MP: 10/10
  2963 | D:4      | Found a runed translucent door.
  2964 | D:4      | Noticed Crazy Yiuf
  2972 | D:4      | Killed Crazy Yiuf
  3362 | D:5      | Entered Level 5 of the Dungeon
  3530 | D:5      | Reached *** piety under Trog
  3645 | D:5      | Reached skill level 3 in Throwing
  3645 | D:5      | Reached XP level 8. HP: 55/67 MP: 12/12
  4650 | D:6      | Found a staircase to the Ecumenical Temple.
  4652 | D:6      | Noticed Dowan
  4652 | D:6      | Noticed Duvessa
  4668 | D:6      | Killed Duvessa
  4673 | D:6      | Killed Dowan
  4803 | D:6      | Noticed Edmund
  4815 | D:6      | Killed Edmund
  4816 | D:6      | Reached skill level 4 in Throwing
  4816 | D:6      | Reached XP level 9. HP: 73/73 MP: 13/15
  5179 | D:6      | Identified the ring "Vifiqyol" {rF+ Dex+4}
  6097 | D:7      | Reached skill level 5 in Invocations
  6140 | D:7      | Found Jiuhiwa's CLEARANCE SALE!.
  6142 | D:7      | Bought a wand of quicksilver (4) for 33 gold pieces
  6715 | D:8      | Noticed Gastronok
  6732 | D:8      | Killed Gastronok
  6733 | D:8      | Reached skill level 5 in Short Blades
  6733 | D:8      | Reached skill level 5 in Long Blades
  6733 | D:8      | Reached skill level 5 in Axes
  6733 | D:8      | Reached skill level 5 in Polearms
  6733 | D:8      | Reached skill level 5 in Staves
  6733 | D:8      | Reached skill level 5 in Ranged Weapons
  6733 | D:8      | Reached skill level 5 in Throwing
  6733 | D:8      | Reached skill level 5 in Stealth
  6733 | D:8      | Reached skill level 5 in Shields
  6733 | D:8      | Reached skill level 5 in Unarmed Combat
  6733 | D:8      | Reached skill level 5 in Spellcasting
  6733 | D:8      | Reached skill level 5 in Evocations
  6733 | D:8      | Reached XP level 10. HP: 82/82 MP: 16/18
  6800 | D:8      | Reached **** piety under Trog
  7041 | D:8      | Noticed a manticore
  7041 | D:8      | Noticed a centaur warrior
  7052 | D:8      | Killed a manticore
  7070 | D:8      | Killed a centaur warrior
  7275 | D:8      | Noticed a catoblepas
  7312 | D:8      | Killed a catoblepas
  7313 | D:8      | Reached skill level 6 in Throwing
  7313 | D:8      | Reached skill level 5 in Conjurations
  7313 | D:8      | Reached skill level 5 in Hexes
  7313 | D:8      | Reached skill level 5 in Summonings
  7313 | D:8      | Reached skill level 5 in Necromancy
  7313 | D:8      | Reached skill level 5 in Translocations
  7313 | D:8      | Reached skill level 5 in Transmutations
  7313 | D:8      | Reached skill level 5 in Fire Magic
  7313 | D:8      | Reached skill level 5 in Ice Magic
  7313 | D:8      | Reached skill level 5 in Air Magic
  7313 | D:8      | Reached skill level 5 in Earth Magic
  7313 | D:8      | Reached skill level 5 in Poison Magic
  7313 | D:8      | Reached XP level 11. HP: 50/89 MP: 18/20
  8847 | D:9      | Noticed a two-headed ogre
  8853 | D:9      | Killed a two-headed ogre
  9833 | D:10     | Entered Level 10 of the Dungeon
  9925 | D:10     | Noticed a sixfirhy
  9971 | D:10     | You fall into a shaft and drop 3 floors!
  9998 | D:13     | Noticed Sonja
 10011 | D:13     | Killed Sonja
 10040 | D:13     | Noticed a centaur warrior
 10049 | D:13     | Noticed a centaur warrior
 10054 | D:13     | Killed a centaur warrior
 10056 | D:13     | Killed a centaur warrior
 10058 | D:13     | Reached skill level 7 in Throwing
 10157 | D:12     | Reached XP level 12. HP: 65/97 MP: 22/22
 10164 | D:11     | Found Bupa's Magic Scroll Shoppe.
 10174 | D:11     | Noticed a two-headed ogre
 10177 | D:11     | Killed a two-headed ogre
 10186 | D:11     | Found Uferiog's Distillery.
 10202 | D:11     | Found Fohyaw's Armour Emporium.
 10238 | D:11     | Found Giorulem's Weapon Boutique.
 10295 | D:11     | Found a gate leading to a gauntlet.
 10301 | Gauntlet | Entered a Gauntlet
 10301 | Gauntlet | Found a transporter.
 10301 | Gauntlet | Found a transporter.
 10329 | Gauntlet | Found a transporter.
 10333 | Gauntlet | Found a transporter.
 10335 | Gauntlet | Noticed a death scarab
 10341 | Gauntlet | Found a transporter.
 10345 | Gauntlet | Found a transporter.
 10353 | Gauntlet | Found a transporter.
 10366 | Gauntlet | Found a transporter.
 10372 | Gauntlet | Noticed a wretched star
 10383 | Gauntlet | Found a transporter.
 10387 | Gauntlet | Found a transporter.
 10395 | Gauntlet | Found a transporter.
 10399 | Gauntlet | Found a transporter.
 10663 | Gauntlet | Identified the +9 arbalest "Kaothroci" {penet, Contam rC+
                  | Will+}
 10663 | Gauntlet | Identified the +1 plate armour of the Stone Wall {rPois}
 10663 | Gauntlet | Noticed a minotaur
 10685 | Gauntlet | Killed a minotaur
 10686 | Gauntlet | Reached skill level 10 in Fighting
 10686 | Gauntlet | Reached skill level 10 in Maces & Flails
 10897 | D:11     | Identified a scroll of acquirement
 10897 | D:11     | Acquired a manual of Throwing
 11382 | D:10     | Reached skill level 8 in Throwing
 11715 | D:10     | Noticed a centaur warrior
 11724 | D:10     | Noticed a tengu warrior
 11725 | D:10     | Noticed a seven-headed hydra
 11725 | D:10     | Noticed a fire dragon
 11726 | D:10     | Noticed a boulder beetle
 11729 | D:10     | Found the ring of the Hare {EV+10}
 11734 | D:10     | Killed a centaur warrior
 11734 | D:10     | Identified the +3 dagger "Sisuuhax" {flame, Str+3}
 11736 | D:10     | Killed a seven-headed hydra
 11749 | D:10     | Killed a tengu warrior
 11754 | D:10     | Killed a fire dragon
 11765 | D:10     | Reached XP level 13. HP: 55/104 MP: 16/25
 12058 | D:10     | Reached skill level 9 in Throwing
 12275 | D:10     | Found a hazy altar of Hepliaklqana.
 12275 | D:10     | Found a blossoming altar of Fedhas.
 12321 | D:10     | Found an ancient bone altar of Kikubaaqudgha.
 12358 | D:10     | Found a staircase to the Lair.
 12498 | D:10     | Found Luggonur's Antique Armour Boutique.
 12506 | D:10     | Bought a pair of runed boots for 210 gold pieces
 12506 | D:10     | Bought a heavily runed chain mail for 266 gold pieces
 12506 | D:10     | Identified the +0 chain mail of Jiorett {rPois Str+2 Int+5}
                  | (You bought it in a shop on level 10 of the Dungeon)
 12958 | D:11     | Paralysed by a hornet for 2 turns
 13051 | D:11     | Found Puteubb's General Store.
 13161 | D:11     | Found a staircase to the Orcish Mines.
 13236 | Lair:1   | Entered Level 1 of the Lair of Beasts
 13396 | Lair:1   | Identified the +1 mace of the Arena {spect, Fly}
 13549 | Lair:1   | Noticed Amaemon
 13561 | Lair:1   | Killed Amaemon
 14000 | Lair:1   | Reached ***** piety under Trog
 14567 | Lair:2   | Reached skill level 10 in Armour
 14567 | Lair:2   | Reached skill level 10 in Dodging
 14694 | Lair:2   | Reached skill level 10 in Throwing
 15128 | Lair:2   | Identified the ring "Ufuas" {Fly rF++ rN+ SInv}
 15147 | Lair:2   | Found a burning altar of Makhleb.
 15313 | Lair:2   | Found a hole to the Spider Nest.
 15679 | Lair:3   | Found a staircase to the Shoals.
 16000 | Lair:3   | Reached XP level 14. HP: 99/113 MP: 12/27
 16172 | Lair:3   | Reached skill level 10 in Invocations
 16667 | Lair:3   | Received a gift from Trog
 16806 | Lair:3   | Found a runed translucent gate.
 16807 | Lair:3   | Found a runed translucent gate.
 16807 | Lair:3   | Found a runed translucent gate.
 16807 | Lair:3   | Noticed Gymmif's ghost (journeyman DsGl)
 16828 | Lair:3   | Killed Gymmif's ghost
 17868 | Lair:4   | Reached skill level 11 in Throwing
 17968 | Lair:4   | Found a staircase to the Slime Pits.
 20113 | Lair:5   | Entered Level 5 of the Lair of Beasts
 20468 | Lair:5   | Reached skill level 10 in Short Blades
 20468 | Lair:5   | Reached skill level 10 in Long Blades
 20468 | Lair:5   | Reached skill level 10 in Axes
 20468 | Lair:5   | Reached skill level 10 in Polearms
 20468 | Lair:5   | Reached skill level 10 in Staves
 20468 | Lair:5   | Reached skill level 10 in Ranged Weapons
 20468 | Lair:5   | Reached skill level 10 in Stealth
 20468 | Lair:5   | Reached skill level 10 in Shields
 20468 | Lair:5   | Reached skill level 10 in Unarmed Combat
 20468 | Lair:5   | Reached skill level 10 in Spellcasting
 20468 | Lair:5   | Reached skill level 10 in Evocations
 20997 | Lair:5   | Reached skill level 12 in Throwing
 20997 | Lair:5   | Reached XP level 15. HP: 120/120 MP: 25/29
 23478 | Lair:5   | Identified the +5 war axe of the Thieving Salmon {pain,
                  | rElec rPois}
 23720 | Lair:5   | Received a gift from Trog
 24024 | D:12     | Found Ynybrezo's Weapon Boutique.
 24034 | D:12     | Reached skill level 13 in Throwing
 24260 | D:12     | Found Unisuddo's Distillery.
 24799 | D:12     | Found Vecinget's Jewellery Emporium.
 25178 | D:12     | Reached XP level 16. HP: 33/129 MP: 24/30
 25212 | D:12     | Received a gift from Trog
 25496 | D:12     | Identified the +5 great sword of the Nine Loafs {holy,
                  | Int+4}
 25909 | D:13     | Identified the staff of conjuration "Eluneh" {rElec rPois
                  | rC++ Str+2}
 26285 | D:13     | Found a gate to the Vaults.
 26777 | D:14     | Noticed Kirke
 26790 | D:13     | Killed Kirke
 27508 | D:14     | Found a white marble altar of Elyvilon.
 27532 | D:14     | Noticed Lodul
 27541 | D:14     | Killed Lodul
 27600 | D:14     | Received a gift from Trog
 27749 | D:14     | Reached skill level 14 in Throwing
 28130 | D:15     | Entered Level 15 of the Dungeon
 28208 | D:15     | Noticed Jorgrun
 28476 | D:15     | Killed Jorgrun
 28823 | D:15     | Identified the +4 scale mail "Deafroif" {Int+4 Dex-4 SInv}
 29012 | D:15     | Found a staircase to the Depths.
 30485 | Orc:1    | Entered Level 1 of the Orcish Mines
 30642 | Orc:1    | Found Gynuy's Distillery.
 30980 | Orc:2    | Entered Level 2 of the Orcish Mines
 30988 | Orc:2    | Reached XP level 17. HP: 137/137 MP: 27/32
 31585 | Orc:2    | Received a gift from Trog
 31633 | Orc:2    | Reached skill level 10 in Conjurations
 31633 | Orc:2    | Reached skill level 10 in Hexes
 31633 | Orc:2    | Reached skill level 10 in Summonings
 31633 | Orc:2    | Reached skill level 10 in Necromancy
 31633 | Orc:2    | Reached skill level 10 in Translocations
 31633 | Orc:2    | Reached skill level 10 in Transmutations
 31633 | Orc:2    | Reached skill level 10 in Fire Magic
 31633 | Orc:2    | Reached skill level 10 in Ice Magic
 31633 | Orc:2    | Reached skill level 10 in Air Magic
 31633 | Orc:2    | Reached skill level 10 in Earth Magic
 31633 | Orc:2    | Reached skill level 10 in Poison Magic
 32329 | Orc:2    | Found a staircase to the Elven Halls.
 32543 | Orc:2    | Found Idweukal's Jewellery Shop.
 32751 | Orc:2    | Found Kuah's Weapon Shoppe.
 32756 | Orc:2    | Bought 2 boomerangs for 44 gold pieces
 32897 | Orc:2    | Found Useiczuti's Antique Weapon Shoppe.
 32899 | Orc:2    | Found Dizih's Antique Armour Emporium.
 33180 | Spider:1 | Entered Level 1 of the Spider Nest
 33664 | Spider:1 | Reached ****** piety under Trog
 34083 | Lair:2   | Reached skill level 15 in Throwing
 35070 | Spider:1 | Received a gift from Trog
 37205 | Spider:3 | Noticed Louise
 37238 | Spider:3 | Killed Louise
 37244 | Spider:3 | Received a gift from Trog
 38322 | Spider:3 | Upgraded the game from 0.31-a0-149-g3fdcc5976a to
                  | 0.31-a0-150-g89dc3ad700
 38328 | Spider:4 | Entered Level 4 of the Spider Nest
 38999 | Spider:4 | Reached XP level 18. HP: 146/146 MP: 21/34
 39948 | Spider:4 | Reached skill level 16 in Throwing
 39950 | Spider:4 | Received a gift from Trog
 40794 | Spider:4 | Identified the +0 hat of the Eternal Fruit {Drain rF+ Str+3
                  | Stlth+}
 40827 | Spider:4 | Got a gossamer rune of Zot
 41188 | Shoals:1 | Entered Level 1 of the Shoals
 41813 | Shoals:1 | Found Ruxef's Visitors' Centre.
 41813 | Shoals:1 | Found Ruxef's Merfolk Magic.
 41848 | Shoals:1 | Found Ruxef's Merfolk Weapons.
 41848 | Shoals:1 | Found Ruxef's Merfolk Armours.
 41866 | Shoals:1 | Bought 3 datura-tipped darts for 40 gold pieces
 42031 | Shoals:1 | Received a gift from Trog
 42088 | Shoals:1 | Noticed Frances
 42220 | Shoals:1 | You are sucked into a shaft and drop 1 floor!
 42409 | Shoals:1 | Noticed Nikola
 42437 | Shoals:1 | Killed Nikola
 44442 | Shoals:3 | Received a gift from Trog
 44659 | Shoals:3 | Reached XP level 19. HP: 147/152 MP: 7/36
 45626 | Shoals:3 | Reached skill level 17 in Throwing
 46107 | Shoals:4 | Entered Level 4 of the Shoals
 46181 | Shoals:4 | Identified the +4 leather armour "Ogadweipt" {Slay+3}
 46194 | Shoals:4 | Got a barnacled rune of Zot
 46385 | Shoals:4 | Received a gift from Trog
 47143 | Shoals:4 | Found Zoohaugid's Armour Boutique.
 47150 | Shoals:4 | Noticed Donald
 47166 | Shoals:4 | Killed Donald
 47376 | Shoals:4 | Killed from afar by a water nymph

Illustrated notes

Levels and vault maps discovered:
D:1:      lemuel_arrival_hallway, layout_loops_ring,
          hellmonk_ecumenical_altar_prayer_group
D:2:      layout_rooms, serial_shops, nicolae_shop_pleasant_corner_grove,
          dreamdust_wishing_well, minivault_11
D:3:      layout_rooms, uniq_sigmund, uniq_terence
D:4:      layout_layer_cave, st_stairs_11, minmay_misc_feat_nine_boxes,
          minmay_goblin_kobold_house, uniq_crazy_yiuf_cottage
D:5:      minmay_angry_zag, layout_basic
D:6:      minmay_chambers_of_fours, layout_cave_pods, minmay_temple_entry_tees,
          uniq_duvessa, uniq_edmund
D:7:      layout_rooms, nicolae_shop_clearance
D:8:      nzn_winding_woodlands_three_and_one
          [nzn_winding_woodlands_5x15_jagged,
          nzn_winding_woodlands_5x15_sidewinder,
          nzn_winding_woodlands_5x15_split_checker,
          nzn_winding_woodlands_center_triple_pond], layout_cave_pools,
          uniq_gastronok
D:9:      layout_loops_ring
D:10:     minmay_the_grid_triangle_9x9_rhombus_full
          [minmay_the_grid_triangle_9x9_zippers_horizontal,
          minmay_the_grid_triangle_9x9_pentomino_pain,
          minmay_the_grid_triangle_9x9_thin_v,
          minmay_the_grid_triangle_9x9_impossible_snake,
          minmay_the_grid_triangle_9x9_intruding_spiral,
          minmay_the_grid_triangle_9x9_corruption,
          minmay_the_grid_triangle_9x9_alien,
          minmay_the_grid_triangle_9x9_prize_insulated], layout_stronghold,
          tgw_kikubaaqudgha, gammafunk_temple_overflow_wave,
          nicolae_overflow_hidden_temple, serial_demonic, serial_demonic_b,
          serial_demonic_d, serial_demonic_b, serial_demonic_e, serial_shops,
          shop, enter_bailey_5, minmay_misc_feat_more_columns, minmay_liquid_box
D:11:     layout_irregular_city, orc_0_dummy, serial_shops, shop,
          nicolae_shop_hallway_stairs, shop, shop, nicolae_shop_rolling_square,
          gauntlet_entry_generic
D:12:     lemuel_castle_with_subvaults [lemuel_castle_interior_carwin_2],
          layout_irregular_city, serial_shops,
          nicolae_shop_tiny_real_fake_doors, shop,
          nicolae_shop_pleasant_corner_grove
D:13:     layout_cave_pools, david_vaults_4, serial_column_ruins,
          column_ruins_courtyard_long, column_ruins_square_small,
          column_ruins_open_medium_water, column_ruins_columns_straight,
          column_ruins_open_tiny, column_ruins_columns_corner, uniq_sonja
D:14:     layout_gridville, elyvilon_altar_5, minmay_fractal_squares_5,
          uniq_kirke, uniq_lodul
D:15:     gammafunk_depths_entry_grave, layout_basic,
          chequers_serial_rivers_micro_d, nicolae_figureground_sparkle,
          uniq_jorgrun
Lair:1:   layout_gridlike, special_room [special_room_bee],
          serial_bayou_shore_a, uniq_amaemon
Lair:2:   layout_misc_corridors, spider_nest_entry_funnel_web, basic_altar
Lair:3:   layout_cave_pods, minmay_shoals_entry_beasts,
          gammafunk_ghost_hydra_chop, lemuel_fruit_fields, grunt_megastairs_2,
          lemuel_fruit_fields, infiniplex_staircase_pool, serial_bayou_shore_b
Lair:4:   regret_index_combs_of_tragedy, layout_regular_city, slime_entry_1,
          wad_woods_06
Lair:5:   due_jungle_book, layout_layer_cave, worms_lemuel
Shoals:1: nicolae_shoals_mermall, layout_shoals, uniq_frances, uniq_nikola
Shoals:2: layout_shoals
Shoals:3: layout_shoals, nicolae_shoals_spectral_cove
Shoals:4: shoals_end_grunt_garden, layout_shoals, serial_shops,
          nicolae_shop_waterfront, uniq_donald
Spider:1: layout_spider_delve, nicolae_spider_twisty_arc_passages
Spider:2: layout_chambers
Spider:3: layout_cave_pods, guppyfry_spider_mini_3,
          hangedman_spider_tarantella_strand, uniq_louise
Spider:4: spider_rune_water
Orc:1:    layout_caves, serial_shops, nicolae_shop_rolling_square
Orc:2:    grunt_orc_community_town_hall, layout_caves,
          grunt_orc_community_big_house_1, grunt_orc_community_big_house_2,
          grunt_orc_community_house_2, grunt_orc_community_house_2,
          grunt_orc_community_house_2, grunt_orc_community_house_3

Skill      XL: |  1  2  3  4  5  6  7  8  9 10 11 12 13 14 15 16 17 18 19 |
---------------+----------------------------------------------------------+-----
Invocations    | 1 2 3 4 5 6 7 8 9 10 11 12 13 14 | 14.7
Short Blades   | 1 2 3 4 5 6 7 8 9 10 11 12 13 | 13.5
Long Blades    | 1 2 3 4 5 6 7 8 9 10 11 12 13 | 13.5
Axes           | 1 2 3 4 5 6 7 8 9 10 11 12 13 | 13.5
Polearms       | 1 2 3 4 5 6 7 8 9 10 11 12 13 | 13.5
Staves         | 1 2 3 4 5 6 7 8 9 10 11 12 13 | 13.5
Ranged Weapons | 1 2 3 4 5 6 7 8 9 10 11 12 13 | 13.5
Throwing       | 1 2 3 4 5 6 7 8 10 12 13 14 15 16 17 | 17.3
Stealth        | 1 2 3 4 5 6 7 8 9 10 11 12 13 | 13.5
Shields        | 1 2 3 4 5 6 7 8 9 10 11 12 13 | 13.5
Unarmed Combat | 1 2 3 4 5 6 7 8 9 10 11 12 13 | 13.5
Spellcasting   | 1 2 3 4 5 6 7 8 9 10 11 12 13 | 13.5
Evocations     | 1 2 3 4 5 6 7 8 9 10 11 12 13 | 13.5
Conjurations   | 1 2 3 4 5 6 7 8 9 10 11 | 11.5
Hexes          | 1 2 3 4 5 6 7 8 9 10 11 | 11.5
Summonings     | 1 2 3 4 5 6 7 8 9 10 11 | 11.5
Necromancy     | 1 2 3 4 5 6 7 8 9 10 11 | 11.5
Translocations | 1 2 3 4 5 6 7 8 9 10 11 | 11.5
Transmutations | 1 2 3 4 5 6 7 8 9 10 11 | 11.5
Fire Magic     | 1 2 3 4 5 6 7 8 9 10 11 | 11.5
Ice Magic      | 1 2 3 4 5 6 7 8 9 10 11 | 11.5
Air Magic      | 1 2 3 4 5 6 7 8 9 10 11 | 11.5
Earth Magic    | 1 2 3 4 5 6 7 8 9 10 11 | 11.5
Poison Magic   | 1 2 3 4 5 6 7 8 9 10 11 | 11.5
Armour         | 5 6 7 8 9 10 11 12 13 14 | 14.2
Dodging        | 5 6 7 8 9 10 11 12 13 14 | 14.2
Fighting       | 7 8 9 10 11 12 13 14 | 14.9
Maces & Flails | 7 8 9 10 11 12 13 14 | 14.9

Action                     |  1- 3 |  4- 6 |  7- 9 | 10-12 | 13-15 | 16-18 | 19-21 || total
---------------------------+-------+-------+-------+-------+-------+-------+-------++-------
  Melee: Mace              |   138 |    88 |     4 |       |    31 |       |       ||   261
         Bite              |    12 |     3 |    27 |    68 |   259 |   408 |    50 ||   827
         Morningstar       |       |       |   223 |   563 |   112 |       |       ||   898
         Demon whip        |       |       |       |       |  1436 |  2113 |   203 ||  3752
         Broad axe         |       |       |       |       |     9 |   289 |   123 ||   421
  Throw: Stone             |       |       |    12 |     2 |       |       |       ||    14
         Dart              |       |       |       |     1 |   130 |   169 |     5 ||   305
         Boomerang         |       |       |       |       |     3 |     9 |       ||    12
         Javelin           |       |       |       |       |    13 |     2 |    10 ||    25
 Invoke: Berserk           |     1 |     3 |     8 |    14 |    21 |    22 |     5 ||    74
         Trog's Hand       |       |     1 |     4 |    13 |    10 |     8 |     3 ||    39
         Brothers in Arms  |       |       |       |     2 |     5 |     3 |     2 ||    12
  Evoke: Wand              |       |       |       |     8 |       |     2 |       ||    10
         Lightning rod     |       |       |       |       |       |     3 |       ||     3
         Condenser vane    |       |       |       |       |       |     2 |     1 ||     3
         Phial of floods   |       |       |       |       |       |     2 |       ||     2
    Use: Potion            |       |       |     1 |     6 |     2 |     1 |     1 ||    11
         Scroll            |       |       |    18 |    11 |     5 |     3 |     1 ||    38
   Stab: Sleeping          |     1 |       |       |       |       |     2 |       ||     3
         Distracted        |       |       |       |       |     1 |       |       ||     1
         Petrified         |       |       |       |       |       |     7 |       ||     7
         Petrifying        |       |       |       |       |       |     3 |       ||     3
 Armour: Animal skin       |     7 |       |       |       |       |       |       ||     7
         Chain mail        |    18 |    47 |   102 |   297 |       |       |       ||   464
         Plate armour      |       |       |       |    58 |   373 |   827 |   133 ||  1391
  Dodge: Dodged            |    44 |    21 |    55 |   251 |   824 |  1664 |   232 ||  3091
  Block: Kite shield       |    54 |    32 |   103 |   359 |   668 |  1436 |   209 ||  2861

Table legend: (Time is in decaauts)
 A = Elapsed time spent in this place.
 B = Non-inter-level travel time spent in this place.
 C = Inter-level travel time spent in this place.
 D = Time resting spent in this place.
 E = Time spent auto-exploring this place.
 F = Levels seen in this place.
 G = Mean time per level.
                   A        B        C        D        E       F      G
               +--------+--------+--------+--------+--------+-----+--------+
         Total |  46649 |  43986 |   2663 |   5778 |  28982 |  31 | 1504.8 |
       Dungeon |  19525 |  18526 |    999 |   1745 |  12712 |  15 | 1301.7 |
          Lair |  11610 |  10764 |    846 |   1915 |   7045 |   5 | 2322.0 |
        Shoals |   5987 |   5772 |    215 |    613 |   3877 |   4 | 1496.8 |
   Spider Nest |   6517 |   5981 |    536 |   1155 |   3502 |   4 | 1629.2 |
  Orcish Mines |   2436 |   2371 |     65 |    195 |   1678 |   2 | 1218.0 |
      Gauntlet |    571 |    571 |      0 |    153 |    167 |   1 |  571.0 |
               +--------+--------+--------+--------+--------+-----+--------+

Top non-repeatable levels by time:
  Lair:5: 3304 daAuts
     D:8: 2515 daAuts
  Lair:4: 2415 daAuts
  Lair:2: 2374 daAuts
  Lair:3: 2127 daAuts
Spider:4: 2000 daAuts
    D:12: 1965 daAuts
    D:10: 1904 daAuts
Spider:3: 1869 daAuts
Shoals:3: 1839 daAuts
Shoals:2: 1760 daAuts
Spider:2: 1760 daAuts
    D:15: 1732 daAuts
   Orc:2: 1632 daAuts
     D:6: 1631 daAuts
